 Dungeon Crawl Stone Soup version 0.31-a0-1-g4198be8af4 (webtiles) character file.

Game seed: 1741712400736648179

8740 ytrimaz the Cleaver (level 11, -1/86 HPs)
             Began as a Gnoll Reaver on May 1, 2023.
             Was an Elder of Cheibriados.
             Slain by an ogre
             ... wielding a +0 giant spiked club
             ... led by Lodul
              (21 damage)
             ... on level 10 of the Dungeon.
             The game lasted 00:13:30 (11397 turns).

ytrimaz the Cleaver (Gnoll Reaver)                 Turns: 11397, Time: 00:13:30

Health: -1/86      AC: 29    Str: 23    XL:     11   Next: 35%
Magic:  23/23      EV: 13    Int: 24    God:    Cheibriados [****..]
Gold:   1287       SH:  0    Dex: 31    Spells: 20/26 levels left

rFire   . . .        H - +1 battleaxe (elec)
rCold   . . .        (shield currently unavailable)
rNeg    + . .        w - +14 plate armour of Tufitila {Dex+9}
rPois   .            (no helmet)
rElec   .            A - +0 cloak
rCorr   .            (no gloves)
SInv    .            B - +0 pair of boots
Will    .....        (no amulet) Stlth
                     l - +4 ring of slaying
HPRegen 0.34/turn    b - ring of positive energy
MPRegen 0.18/turn

%: no passive effects
@: very slow
A: fangs 1, strong nose, distributed training
a: Renounce Religion, Bend Time, Temporal Distortion, Slouch


You were on level 10 of the Dungeon.
You worshipped Cheibriados.
Cheibriados was greatly pleased with you.
You visited 2 branches of the dungeon, and saw 11 of its levels.
You also visited: Ossuary.

You collected 1635 gold pieces.
You spent 348 gold pieces at shops.


Innate Abilities, Weirdness & Mutations

You have very sharp teeth.
Your uncanny sense of smell can sniff out nearby items.
Your experience applies equally to all skills.


   Skills:
 + Level 8.0 Fighting
 + Level 6.4 Short Blades
 + Level 6.4 Long Blades
 + Level 9.3 Axes
 + Level 6.4 Maces & Flails
 + Level 6.4 Polearms
 + Level 6.4 Staves
 + Level 6.4 Ranged Weapons
 + Level 6.4 Throwing
 + Level 6.4 Armour
 + Level 8.0 Dodging
 + Level 6.4 Stealth
 + Level 6.4 Shields
 + Level 6.4 Unarmed Combat
 + Level 8.2 Spellcasting
 + Level 7.7 Conjurations
 + Level 5.3 Hexes
 + Level 5.3 Summonings
 + Level 5.3 Necromancy
 + Level 5.3 Translocations
 + Level 5.3 Transmutations
 + Level 5.3 Fire Magic
 + Level 5.3 Ice Magic
 + Level 5.3 Air Magic
 + Level 5.3 Earth Magic
 + Level 5.3 Poison Magic
 + Level 7.1 Invocations
 + Level 6.4 Evocations


You had 20 spell levels left.
You knew the following spells:

 Your Spells              Type           Power      Damage    Failure   Level
a - Kiss of Death         Conj/Necr      100%       2d13      7%          1
b - Irradiate             Conj/Tmut      20%        3d18      88%         5

Your spell library contained the following spells:

 Spells                   Type           Power      Damage    Failure   Level
 Momentum Strike          Conj/Tloc      82%        3d10      11%         2
 Static Discharge         Conj/Air       82%        2-6/arc   11%         2
 Sublimation of Blood     Necr           35%        N/A       17%         2
 Hailstorm                Conj/Ice       41%        3d10      21%         3
 Portal Projectile        Hex/Tloc       70%        N/A       32%         3
 Tukima's Dance           Hex            35%        N/A       32%         3
 Volatile Blastmotes      Fire/Tloc      70%        2d15      32%         3
 Fulminant Prism          Conj/Hex       20%        3d12      56%         4
 Iskenderun's Mystic Bla  Conj/Tloc      41%        2d9       56%         4
 Dispel Undead            Necr           35%        3d15      73%         4
 Petrify                  Tmut/Erth      35%        N/A       73%         4
 Blade Hands              Tmut           17%        N/A       97%         5
 Lee's Rapid Deconstruct  Erth           17%        3d11*     97%         5
 Metabolic Englaciation   Hex/Ice        17%        N/A       97%         5
 Statue Form              Tmut/Erth      23%        N/A       100%        6

Inventory:

Hand Weapons
 a - a +4 hand axe
   (You took it off a wight on level 8 of the Dungeon)
 t - a +1 heavy hand axe
   (You took it off an orc on level 4 of the Dungeon)
 z - a +1 hand axe of pain
   (You took it off an orc on level 5 of the Dungeon)
 G - a +5 battleaxe
   (You took it off a wight on level 7 of the Dungeon)
 H - a +1 battleaxe of electrocution (weapon)
   (You bought it in a shop on level 7 of the Dungeon)
Armour
 w - the +14 plate armour of Tufitila (worn) {Dex+9}
   (You acquired it on level 6 of the Dungeon)

   Dex:       It affects your dexterity (+9).
 A - a +0 cloak (worn)
   (You found it on level 5 of the Dungeon)
 B - a +0 pair of boots (worn)
   (You found it on level 6 of the Dungeon)
Jewellery
 b - a ring of positive energy (right hand)
   (You found it on level 9 of the Dungeon)
 d - an amulet of faith
   (You found it on level 1 of the Dungeon)
 l - a +4 ring of slaying (left hand)
   (You found it on level 3 of the Dungeon)
Wands
 C - a wand of flame (22)
   (You took it off an orc priest on level 7 of the Dungeon)
 E - a wand of paralysis (4)
   (You found it on level 6 of the Dungeon)
 F - a wand of roots (8)
   (You took it off a kobold on level 6 of the Dungeon)
Scrolls
 g - a scroll of enchant armour
 h - a scroll of fog
 j - 6 scrolls of teleportation
 m - a scroll of identify
 n - 3 scrolls of vulnerability
 p - 2 scrolls of blinking
 v - a scroll of summoning
 y - 2 scrolls of enchant weapon
Potions
 c - a potion of ambrosia {unknown}
 e - 5 potions of brilliance
 f - 3 potions of magic
 i - a potion of mutation {unknown}
 k - 5 potions of curing
 o - 2 potions of heal wounds
 q - 2 potions of attraction
 r - a potion of flight {unknown}
 s - a potion of might
 u - 6 potions of degeneration
 x - a potion of resistance {unknown}
 D - a potion of berserk rage {unknown}

Dungeon Overview and Level Annotations

Branches:
Dungeon (10/15) Zot: 40118  Temple (1/1) D:5 Zot: 8940 Ossuary (visited)
   Lair: D:8-11         Orc: D:9-12

Altars:
Ashenzari
Cheibriados
Dithmenos
Elyvilon
Fedhas
Gozag
Hepliaklqana
Kikubaaqudgha
Makhleb
Nemelex Xobeh
Okawaru
Qazlal
Ru
Sif Muna
Trog
Uskayaw
Vehumet
Wu Jian
Xom
Yredelemnul
Zin
The Shining One

Shops:
D:7 (

Annotations:
D:6 1 runed translucent door, Darkkill's ghost, novice MiHu
D:8 2 runed translucent doors, Darkkill's ghost, novice MiHu

#.≈≈##≈≈.#.# #... ∆
#.≈####≈.#.# #.## #[≈##
#≈.#.### #. #.
#.≈≈##≈≈.#...#... z.
#.≈≈≈≈≈≈.###.#### .
#).......# #..... #.
##......# ######
####z###......#########
#....O@)......#........
#....O)....####......[.
#.....)..#.# #........
#........#.# #........
##.........# #.....<..
...≈≈≈≈≈≈..# ....).....
##..≈≈##≈≈..#
....#####. #..≈# ##≈..#
... #. #..≈ #≈..# ## ##


You could see 2 ogres and a wight.


Message History

You take 21 damage, and now have 54/86 hp.
MASSIVE DAMAGE!! (PAUSE)
You hit Lodul. You bite Lodul. Lodul hits you with a +0 dire flail!!
* * * LOW HITPOINT WARNING * * *
A wight comes into view. It is wielding a +0 great sword.
The wight hits you but does no damage.
You hear a shout! x2 😨 HP[-19]
You take 19 damage, and now have 35/86 hp.
MASSIVE DAMAGE!! (PAUSE)
You slice Lodul!! You bite Lodul. You completely miss the wight.
You hear a shout! x3
Lodul misses you.
An ogre comes into view. It is wielding a +0 giant club.
Unknown command.
You slash Lodul! You bite Lodul. You completely miss the wight.
The wight hits you but does no damage. Lodul hits you but does no damage.
You slice Lodul!! Lightning courses through Lodul!
You kill Lodul!
Cheibriados appreciates the change of pace.
You closely miss the wight. You slash the wight!
The wight hits you with a +0 great sword.
* * * LOW HITPOINT WARNING * * *
You partially resist.
You feel drained.
* * * LOW HITPOINT WARNING * * *
The wight hits you but does no damage.
Your life force feels restored.
Your Invocations skill increases to level 7! 😨 HP[-6]
You take 6 damage, and now have 29/86 hp.
You hit the ogre. You hit the wight. You slash the wight!
You destroy the wight!
Cheibriados appreciates the change of pace.
A wight comes into view.
It is wielding a +1 vampiric long sword.
The wight hits you but does no damage. The ogre hits you with a +0 giant club!
* * * LOW HITPOINT WARNING * * *
The wight misses you.
An ogre comes into view.
It is wielding a +0 giant club. 😨 HP[-7]
You take 7 damage, and now have 22/86 hp.
Unknown command.
The ogre shouts!
You slash the ogre! You bite the ogre. You barely miss the wight.
You hear a shout!
The ogre completely misses you. The wight completely misses you.
You hear a shout! x2 😨 HP[+1] Unknown command.
You slash the wight! You bite the wight, but do no damage. You slash the ogre!
You kill the ogre!
Cheibriados thoroughly appreciates the change of pace.
The wight hits you but does no damage.
Your Fighting skill increases to level 8!
Your Dodging skill increases to level 8!
You slash the ogre! You bite the ogre, but do no damage. You hit the wight.
An ogre comes into view. It is wielding a +0 giant club.
The wight closely misses you.
The ogre completely misses you. 😨 HP[+1] Unknown command.
You closely miss the ogre. You hit the wight.
Lightning courses through the wight! You barely miss the wight.
The wight closely misses you. The wight hits you but does no damage.
The wight barely misses you. The wight completely misses you.
Unknown command.
You slice the ogre!! You bite the ogre. You slash the wight!
You destroy the wight!
Cheibriados thoroughly appreciates the change of pace.
You slash the wight!
You destroy the wight!
Cheibriados thoroughly appreciates the change of pace.
You hit the ogre.
You hear a shout!
The ogre barely misses you. The ogre hits you with a +0 giant club.
* * * LOW HITPOINT WARNING * * *
An ogre comes into view.
It is wielding a +0 giant club. 😱 HP[-6]
You take 6 damage, and now have 18/86 hp.
Unknown command.
The ogre misses you. The ogre barely misses you.
An ogre comes into view. It is wielding a +0 giant spiked club.
The ogre barely misses you.
Things that are here:
a +0 great sword; a +0 robe; 14 gold pieces 😱 HP[+1] Unknown command.
You hit the ogre.
You kill the ogre!
Cheibriados thoroughly appreciates the change of pace.
You slash the ogre! Lightning courses through the ogre!!
You kill the ogre!
Cheibriados thoroughly appreciates the change of pace.
You slash the ogre!
Unknown command.
You completely miss the ogre.
The ogre barely misses you. 😱 HP[+1] Unknown command.
You hit the ogre. You slash the ogre!
The ogre hits you with a +0 giant spiked club!!
You die...

Skill      XL: |  1  2  3  4  5  6  7  8  9 10 11 |
---------------+----------------------------------+-----
Spellcasting   | 5 6 7 8 |  8.2
Invocations    | 1 2 3 4 5 6 7 |  7.1
Short Blades   | 1 2 3 4 5 6 |  6.4
Long Blades    | 1 2 3 4 5 6 |  6.4
Maces & Flails | 1 2 3 4 5 6 |  6.4
Polearms       | 1 2 3 4 5 6 |  6.4
Staves         | 1 2 3 4 5 6 |  6.4
Ranged Weapons | 1 2 3 4 5 6 |  6.4
Throwing       | 1 2 3 4 5 6 |  6.4
Armour         | 1 2 3 4 5 6 |  6.4
Stealth        | 1 2 3 4 5 6 |  6.4
Shields        | 1 2 3 4 5 6 |  6.4
Unarmed Combat | 1 2 3 4 5 6 |  6.4
Evocations     | 1 2 3 4 5 6 |  6.4
Hexes          | 1 2 3 4 5 |  5.3
Summonings     | 1 2 3 4 5 |  5.3
Necromancy     | 1 2 3 4 5 |  5.3
Translocations | 1 2 3 4 5 |  5.3
Transmutations | 1 2 3 4 5 |  5.3
Fire Magic     | 1 2 3 4 5 |  5.3
Ice Magic      | 1 2 3 4 5 |  5.3
Air Magic      | 1 2 3 4 5 |  5.3
Earth Magic    | 1 2 3 4 5 |  5.3
Poison Magic   | 1 2 3 4 5 |  5.3
Fighting       | 5 6 7 8 |  8.0
Dodging        | 5 6 7 8 |  8.0
Axes           | 7 8 9 |  9.3
Conjurations   | 6 7 |  7.7

Action                     |  1- 3 |  4- 6 |  7- 9 | 10-12 || total
---------------------------+-------+-------+-------+-------++-------
  Melee: Hand axe          |   118 |   233 |   210 |       ||   561
         Bite              |     6 |    27 |    43 |    37 ||   113
         Punch             |       |     3 |     9 |     6 ||    18
         War axe           |       |       |   136 |   102 ||   238
         Battleaxe         |       |       |       |   168 ||   168
   Cast: Kiss of Death     |     1 |       |       |       ||     1
    Use: Scroll            |     2 |     9 |     7 |     4 ||    22
         Potion            |       |       |     2 |     2 ||     4
   Stab: Sleeping          |       |     3 |     8 |       ||    11
 Armour: Leather armour    |    34 |    27 |    22 |       ||    83
         Plate armour      |       |       |   147 |   304 ||   451
  Dodge: Dodged            |    73 |   107 |   194 |   183 ||   557

Levels and vault maps discovered:
D:1:      heliophobic_arrival_ceremonial_halls, layout_basic
D:2:      layout_loops_ring, basic_altar, uniq_natasha
D:3:      layout_loops_corners, nicolae_tso_besieged_by_evil,
          chequers_mini_garden
D:4:      layout_gridville, lemuel_mausoleum_altar_yredelemnul,
          nicolae_ossuary_entry_monument, uniq_eustachio
D:5:      layout_loops_cross, nicolae_uskayaw_en_pointe, old_standard_altar,
          minmay_temple_entry_antechambers, minivault_23
D:6:      layout_gridville, mainiacjoe_overflow_alcove_3,
          hellmonk_ghost_happy_afterlife, st_stairs_7, uniq_blork_the_orc
D:7:      nzn_winding_woodlands_small
          [nzn_winding_woodlands_5x15_river_crossing,
          nzn_winding_woodlands_center_garden,
          nzn_winding_woodlands_5x15_parted], layout_basic,
          mainiacjoe_overflow_large_starburst, serial_shops,
          nicolae_shop_bloodbath_and_beyond, uniq_crazy_yiuf_cottage
D:8:      layout_basic, ebering_ghost_disaster_area, uniq_grum
D:9:      layout_cave_pools, mainiacjoe_overflow_catwalk
D:10:     nicolae_moon_pools, layout_basic, serial_shops, shop, uniq_nergalle,
          uniq_maurice, uniq_lodul
Temple:   hellmonk_temple_divided_pantheon

Notes
Turn   | Place    | Note
-------+----------+-------------------------------------------
     0 | D:1      | ytrimaz the Gnoll Reaver began the quest for the Orb.
     0 | D:1      | Reached XP level 1. HP: 20/20 MP: 6/6
     0 | D:1      | magus.rc [v1.9.6]
    62 | D:1      | Reached XP level 2. HP: 26/26 MP: 7/7
    76 | D:1      | magus.rc [v1.9.6]
   415 | D:1      | Reached skill level 5 in Spellcasting
   415 | D:1      | Reached XP level 3. HP: 29/31 MP: 7/9
   852 | D:2      | Found a shadowy altar of Dithmenos.
   886 | D:2      | Reached skill level 1 in Invocations
   921 | D:2      | You pick up a book of Blasting and begin reading...
   921 | D:2      | You add the spells Volatile Blastmotes, Fulminant Prism,
                  | Iskenderun's Mystic Blast and Lee's Rapid Deconstruction to
                  | your library.
  1106 | D:2      | Noticed Natasha
  1115 | D:2      | Killed Natasha
  1116 | D:2      | Reached skill level 1 in Short Blades
  1116 | D:2      | Reached skill level 1 in Long Blades
  1116 | D:2      | Reached skill level 1 in Maces & Flails
  1116 | D:2      | Reached skill level 1 in Polearms
  1116 | D:2      | Reached skill level 1 in Staves
  1116 | D:2      | Reached skill level 1 in Ranged Weapons
  1116 | D:2      | Reached skill level 1 in Throwing
  1116 | D:2      | Reached skill level 1 in Armour
  1116 | D:2      | Reached skill level 1 in Stealth
  1116 | D:2      | Reached skill level 1 in Shields
  1116 | D:2      | Reached skill level 1 in Unarmed Combat
  1116 | D:2      | Reached skill level 1 in Evocations
  1116 | D:2      | Reached XP level 4. HP: 26/36 MP: 9/11
  1616 | D:3      | Reached skill level 1 in Hexes
  1616 | D:3      | Reached skill level 1 in Summonings
  1616 | D:3      | Reached skill level 1 in Necromancy
  1616 | D:3      | Reached skill level 1 in Translocations
  1616 | D:3      | Reached skill level 1 in Transmutations
  1616 | D:3      | Reached skill level 1 in Fire Magic
  1616 | D:3      | Reached skill level 1 in Ice Magic
  1616 | D:3      | Reached skill level 1 in Air Magic
  1616 | D:3      | Reached skill level 1 in Earth Magic
  1616 | D:3      | Reached skill level 1 in Poison Magic
  2285 | D:3      | Reached XP level 5. HP: 36/43 MP: 12/12
  2359 | D:3      | Found a glowing golden altar of the Shining One.
  2769 | D:4      | Found a sand-covered staircase.
  2779 | Ossuary  | Entered an ossuary
  2880 | Ossuary  | Reached skill level 2 in Invocations
  2920 | Ossuary  | Reached XP level 6. HP: 50/50 MP: 13/13
  3035 | Ossuary  | Reached skill level 5 in Fighting
  3035 | Ossuary  | Reached skill level 5 in Dodging
  3058 | Ossuary  | Reached skill level 2 in Short Blades
  3058 | Ossuary  | Reached skill level 2 in Long Blades
  3058 | Ossuary  | Reached skill level 2 in Maces & Flails
  3058 | Ossuary  | Reached skill level 2 in Polearms
  3058 | Ossuary  | Reached skill level 2 in Staves
  3058 | Ossuary  | Reached skill level 2 in Ranged Weapons
  3058 | Ossuary  | Reached skill level 2 in Throwing
  3058 | Ossuary  | Reached skill level 2 in Armour
  3058 | Ossuary  | Reached skill level 2 in Stealth
  3058 | Ossuary  | Reached skill level 2 in Shields
  3058 | Ossuary  | Reached skill level 2 in Unarmed Combat
  3058 | Ossuary  | Reached skill level 2 in Evocations
  3279 | Ossuary  | HP: 8/51 [mummy (13)]
  3899 | D:4      | Reached skill level 7 in Axes
  3899 | D:4      | Reached XP level 7. HP: 56/56 MP: 15/15
  4023 | D:4      | Reached skill level 2 in Hexes
  4023 | D:4      | Reached skill level 2 in Summonings
  4023 | D:4      | Reached skill level 2 in Necromancy
  4023 | D:4      | Reached skill level 2 in Translocations
  4023 | D:4      | Reached skill level 2 in Transmutations
  4023 | D:4      | Reached skill level 2 in Fire Magic
  4023 | D:4      | Reached skill level 2 in Ice Magic
  4023 | D:4      | Reached skill level 2 in Air Magic
  4023 | D:4      | Reached skill level 2 in Earth Magic
  4023 | D:4      | Reached skill level 2 in Poison Magic
  4098 | D:4      | Noticed Eustachio
  4115 | D:4      | HP: 14/56 [Eustachio/+0 falchion (6)]
  4116 | D:4      | Killed Eustachio
  4161 | D:4      | Reached skill level 3 in Invocations
  4701 | D:4      | Reached skill level 6 in Conjurations
  4720 | D:4      | Found a basalt altar of Yredelemnul.
  4739 | D:4      | Reached skill level 3 in Short Blades
  4739 | D:4      | Reached skill level 3 in Long Blades
  4739 | D:4      | Reached skill level 3 in Maces & Flails
  4739 | D:4      | Reached skill level 3 in Polearms
  4739 | D:4      | Reached skill level 3 in Staves
  4739 | D:4      | Reached skill level 3 in Ranged Weapons
  4739 | D:4      | Reached skill level 3 in Throwing
  4739 | D:4      | Reached skill level 3 in Armour
  4739 | D:4      | Reached skill level 3 in Stealth
  4739 | D:4      | Reached skill level 3 in Shields
  4739 | D:4      | Reached skill level 3 in Unarmed Combat
  4739 | D:4      | Reached skill level 3 in Evocations
  4739 | D:4      | Reached XP level 8. HP: 52/63 MP: 16/16
  4788 | D:4      | Reached skill level 6 in Spellcasting
  4927 | D:4      | HP: 14/64 [gnoll/+0 spear (7)]
  5256 | D:5      | Entered Level 5 of the Dungeon
  5414 | D:5      | Noticed a +0 dagger
  5414 | D:5      | Noticed a +0 short sword
  5414 | D:5      | Noticed a +0 short sword
  5415 | D:5      | Noticed a +0 dagger
  5415 | D:5      | Noticed a +0 falchion
  5416 | D:5      | Noticed a +0 falchion
  5416 | D:5      | Noticed a +0 spear
  5416 | D:5      | Noticed a +0 spear
  5508 | D:5      | Found a shadowy altar of Dithmenos.
  5598 | D:5      | Found a staircase to the Ecumenical Temple.
  5723 | D:5      | Reached skill level 3 in Hexes
  5723 | D:5      | Reached skill level 3 in Summonings
  5723 | D:5      | Reached skill level 3 in Necromancy
  5723 | D:5      | Reached skill level 3 in Translocations
  5723 | D:5      | Reached skill level 3 in Transmutations
  5723 | D:5      | Reached skill level 3 in Fire Magic
  5723 | D:5      | Reached skill level 3 in Ice Magic
  5723 | D:5      | Reached skill level 3 in Air Magic
  5723 | D:5      | Reached skill level 3 in Earth Magic
  5723 | D:5      | Reached skill level 3 in Poison Magic
  5723 | D:5      | Reached skill level 4 in Invocations
  5898 | D:5      | Found a hide-covered altar of Uskayaw.
  6205 | Temple   | Entered the Ecumenical Temple
  6205 | Temple   | Found a transporter.
  6205 | Temple   | Found a transporter.
  6207 | Temple   | Found a transporter.
  6207 | Temple   | Found a transporter.
  6225 | Temple   | Became a worshipper of Cheibriados the Contemplative
  6386 | D:6      | HP: 16/64 [ogre/+0 giant club (30)]
  6389 | D:6      | Reached skill level 6 in Fighting
  6389 | D:6      | Reached skill level 6 in Dodging
  6652 | D:6      | Identified 2 scrolls of acquirement
  6652 | D:6      | Acquired 1039 gold pieces
  6656 | D:6      | Acquired the +14 plate armour of Tufitila {Dex+9}
  6821 | D:6      | Reached skill level 4 in Short Blades
  6821 | D:6      | Reached skill level 4 in Long Blades
  6821 | D:6      | Reached skill level 4 in Maces & Flails
  6821 | D:6      | Reached skill level 4 in Polearms
  6821 | D:6      | Reached skill level 4 in Staves
  6821 | D:6      | Reached skill level 4 in Ranged Weapons
  6821 | D:6      | Reached skill level 4 in Throwing
  6821 | D:6      | Reached skill level 4 in Armour
  6821 | D:6      | Reached skill level 4 in Stealth
  6821 | D:6      | Reached skill level 4 in Shields
  6821 | D:6      | Reached skill level 4 in Unarmed Combat
  6821 | D:6      | Reached skill level 4 in Evocations
  6821 | D:6      | Reached XP level 9. HP: 57/69 MP: 18/18
  6883 | D:6      | You add the spells Static Discharge and Dispel Undead to
                  | your library.
  6883 | D:6      | Got the Quarto of Left-Handed Liturgies and Aeromancy
  6936 | D:6      | Found a runed translucent door.
  6939 | D:6      | Noticed Darkkill's ghost (novice MiHu)
  6946 | D:6      | Found a radiant altar of Vehumet.
  6946 | D:6      | Found a glowing silver altar of Zin.
  6948 | D:6      | Found a shimmering blue altar of Sif Muna.
  6948 | D:6      | Found a shimmering altar of Xom.
  7301 | D:6      | Reached * piety under Cheibriados
  7333 | D:6      | Noticed Blork the orc
  7343 | D:6      | Killed Blork the orc
  7502 | D:6      | Reached skill level 8 in Axes
  7533 | D:6      | Reached skill level 5 in Invocations
  7933 | D:7      | Found an ornate altar of the Wu Jian Council.
  7937 | D:7      | Found a burning altar of Makhleb.
  8198 | D:7      | Reached skill level 7 in Spellcasting
  8205 | D:7      | Reached skill level 4 in Hexes
  8205 | D:7      | Reached skill level 4 in Summonings
  8205 | D:7      | Reached skill level 4 in Necromancy
  8205 | D:7      | Reached skill level 4 in Translocations
  8205 | D:7      | Reached skill level 4 in Transmutations
  8205 | D:7      | Reached skill level 4 in Fire Magic
  8205 | D:7      | Reached skill level 4 in Ice Magic
  8205 | D:7      | Reached skill level 4 in Air Magic
  8205 | D:7      | Reached skill level 4 in Earth Magic
  8205 | D:7      | Reached skill level 4 in Poison Magic
  8222 | D:7      | HP: 15/71 [wight/+1 spear (4)]
  8229 | D:7      | Reached skill level 5 in Short Blades
  8229 | D:7      | Reached skill level 5 in Long Blades
  8229 | D:7      | Reached skill level 5 in Maces & Flails
  8229 | D:7      | Reached skill level 5 in Polearms
  8229 | D:7      | Reached skill level 5 in Staves
  8229 | D:7      | Reached skill level 5 in Ranged Weapons
  8229 | D:7      | Reached skill level 5 in Throwing
  8229 | D:7      | Reached skill level 5 in Armour
  8229 | D:7      | Reached skill level 5 in Stealth
  8229 | D:7      | Reached skill level 5 in Shields
  8229 | D:7      | Reached skill level 5 in Unarmed Combat
  8229 | D:7      | Reached skill level 5 in Evocations
  8229 | D:7      | Reached XP level 10. HP: 30/77 MP: 20/20
  8242 | D:7      | Reached skill level 7 in Conjurations
  8253 | D:7      | Reached ** piety under Cheibriados
  8260 | D:7      | HP: 18/77 [poisoned by a scorpion]
  8268 | D:7      | Reached skill level 7 in Fighting
  8268 | D:7      | Reached skill level 7 in Dodging
  8597 | D:7      | Identified the +2 flail of Bunu {protect, Dex+3}
  8612 | D:7      | You pick up a book of Weapons and begin reading...
  8612 | D:7      | You add the spells Tukima's Dance, Portal Projectile and
                  | Blade Hands to your library.
  8884 | D:7      | Found Ulluxich's Weapon Boutique.
  8997 | D:7      | Bought a +1 battleaxe of electrocution for 348 gold pieces
  9073 | D:7      | Found a runed translucent door.
  9074 | D:7      | Noticed Crazy Yiuf
  9234 | D:7      | Killed Crazy Yiuf
  9279 | D:8      | Reached skill level 6 in Invocations
  9370 | D:8      | Found a large runed translucent door.
  9370 | D:8      | Found a large runed translucent door.
  9376 | D:8      | Noticed Darkkill's ghost (novice MiHu)
  9471 | D:8      | Reached *** piety under Cheibriados
  9546 | D:8      | You pick up a book of Sloth and begin reading...
  9546 | D:8      | You add the spells Petrify, Metabolic Englaciation and
                  | Statue Form to your library.
  9551 | D:8      | Noticed Grum
  9560 | D:8      | Killed Grum
 10517 | D:9      | Found an opulent altar of Gozag.
 10651 | D:9      | You pick up a book of Alchemy and begin reading...
 10651 | D:9      | You add the spells Sublimation of Blood and Irradiate to
                  | your library.
 10679 | D:9      | Learned a level 5 spell: Irradiate
 10727 | D:9      | Reached **** piety under Cheibriados
 10728 | D:9      | Reached skill level 9 in Axes
 10731 | D:9      | Reached skill level 6 in Short Blades
 10731 | D:9      | Reached skill level 6 in Long Blades
 10731 | D:9      | Reached skill level 6 in Maces & Flails
 10731 | D:9      | Reached skill level 6 in Polearms
 10731 | D:9      | Reached skill level 6 in Staves
 10731 | D:9      | Reached skill level 6 in Ranged Weapons
 10731 | D:9      | Reached skill level 6 in Throwing
 10731 | D:9      | Reached skill level 6 in Armour
 10731 | D:9      | Reached skill level 6 in Stealth
 10731 | D:9      | Reached skill level 6 in Shields
 10731 | D:9      | Reached skill level 6 in Unarmed Combat
 10731 | D:9      | Reached skill level 6 in Evocations
 10744 | D:9      | Reached skill level 5 in Hexes
 10744 | D:9      | Reached skill level 5 in Summonings
 10744 | D:9      | Reached skill level 5 in Necromancy
 10744 | D:9      | Reached skill level 5 in Translocations
 10744 | D:9      | Reached skill level 5 in Transmutations
 10744 | D:9      | Reached skill level 5 in Fire Magic
 10744 | D:9      | Reached skill level 5 in Ice Magic
 10744 | D:9      | Reached skill level 5 in Air Magic
 10744 | D:9      | Reached skill level 5 in Earth Magic
 10744 | D:9      | Reached skill level 5 in Poison Magic
 10938 | D:9      | Reached XP level 11. HP: 73/85 MP: 22/22
 11098 | D:10     | Entered Level 10 of the Dungeon
 11127 | D:10     | Reached skill level 8 in Spellcasting
 11296 | D:10     | Noticed a manticore
 11302 | D:10     | Killed a manticore
 11380 | D:10     | Noticed Lodul
 11387 | D:10     | Killed Lodul
 11388 | D:10     | Reached skill level 7 in Invocations
 11391 | D:10     | Reached skill level 8 in Fighting
 11391 | D:10     | Reached skill level 8 in Dodging
 11393 | D:10     | HP: 18/86 [ogre/+0 giant club[Lodul] (6)]
 11397 | D:10     | Slain by an ogre

Vanquished Creatures
  Lodul (D:10)
  A manticore (D:10)
  2 trolls (D:10)
  A wyvern (D:9)
  3 wraiths
  Eustachio (D:4)
  Grum (D:8)
  A steam dragon (D:6)
  An acid dragon (D:9)
  4 water moccasins
  3 orc warriors
  5 sky beasts
  5 ogres
  3 centaurs
  4 wolves (D:8)
  3 phantoms
  2 bullfrogs
  2 kobold brigands
  2 necrophages (D:4)
  Blork the orc (D:6)
  A gnoll sergeant (D:8)
  4 scorpions
  17 wights
  6 killer bees (D:10)
  3 electric eels (D:10)
  A crimson imp (D:3)
  7 howler monkeys
  A centaur zombie (D:4)
  4 hounds
  A human zombie (D:4)
  6 jellies
  A gnoll bouda (D:9)
  8 orc priests
  Crazy Yiuf (D:7)
  A sleepcap (D:7)
  3 iguanas
  2 scorpion zombies (D:4)
  Natasha (D:2)
  6 orc wizards
  2 hound zombies (D:4)
  14 mummies
  18 gnolls
  3 adders
  3 shadow imps
  6 white imps
  An ufetubus (D:6)
  3 adder zombies (D:4)
  2 worms
  3 dart slugs
  42 orcs
  5 ball pythons
  5 bats
  9 endoplasms
  6 giant cockroaches
  10 goblins
  6 hobgoblins
  6 jackals
  21 kobolds
  5 quokkas
  2 frilled lizards
  3 gnoll skeletons (Ossuary)
  3 goblin skeletons
  A goblin zombie (D:3)
  A hobgoblin zombie (D:3)
  2 kobold skeletons (Ossuary)
  2 kobold zombies (D:3)
  2 orc skeletons
  2 orc zombies (D:3)
  4 rats
  11 rat skeletons (Ossuary)
323 creatures vanquished.

Vanquished Creatures (others)
  8 plants (D:7)
8 creatures vanquished.

Grand Total: 331 creatures vanquished

Table legend:
 A = Non-vault XP
 B = Vault XP
 C = Vault XP percentage of total XP
 D = Non-vault monster count
 E = Vault monster count
 F = Vault count percentage of total count
                 A         B        C        D         E       F
            +---------+---------+-------+---------+---------+-------
      Total |    7882 |    4605 |  36.9 |     237 |      86 |  26.6
            +---------+---------+-------+---------+---------+-------
        D:1 |      39 |       0 |   0.0 |      21 |       0 |   0.0
        D:2 |      36 |      35 |  49.3 |      18 |       1 |   5.3
        D:3 |      71 |      56 |  44.1 |      24 |       9 |  27.3
        D:4 |     427 |     625 |  59.4 |      32 |      13 |  28.9
        D:5 |     498 |       0 |   0.0 |      24 |       0 |   0.0
        D:6 |    1418 |     239 |  14.4 |      28 |       3 |   9.7
        D:7 |     660 |    1628 |  71.2 |      20 |      19 |  48.7
        D:8 |    1691 |     670 |  28.4 |      34 |       5 |  12.8
        D:9 |     924 |       0 |   0.0 |      17 |       0 |   0.0
       D:10 |    2118 |    1098 |  34.1 |      19 |       4 |  17.4
    Ossuary |       0 |     254 | 100.0 |       0 |      32 | 100.0
            +---------+---------+-------+---------+---------+-------

Skill      XL: |  1  2  3  4  5  6  7  8  9 10 11 |
---------------+----------------------------------+-----
Spellcasting   | 5 6 7 8 |  8.2
Invocations    | 1 2 3 4 5 6 7 |  7.1
Short Blades   | 1 2 3 4 5 6 |  6.4
Long Blades    | 1 2 3 4 5 6 |  6.4
Maces & Flails | 1 2 3 4 5 6 |  6.4
Polearms       | 1 2 3 4 5 6 |  6.4
Staves         | 1 2 3 4 5 6 |  6.4
Ranged Weapons | 1 2 3 4 5 6 |  6.4
Throwing       | 1 2 3 4 5 6 |  6.4
Armour         | 1 2 3 4 5 6 |  6.4
Stealth        | 1 2 3 4 5 6 |  6.4
Shields        | 1 2 3 4 5 6 |  6.4
Unarmed Combat | 1 2 3 4 5 6 |  6.4
Evocations     | 1 2 3 4 5 6 |  6.4
Hexes          | 1 2 3 4 5 |  5.3
Summonings     | 1 2 3 4 5 |  5.3
Necromancy     | 1 2 3 4 5 |  5.3
Translocations | 1 2 3 4 5 |  5.3
Transmutations | 1 2 3 4 5 |  5.3
Fire Magic     | 1 2 3 4 5 |  5.3
Ice Magic      | 1 2 3 4 5 |  5.3
Air Magic      | 1 2 3 4 5 |  5.3
Earth Magic    | 1 2 3 4 5 |  5.3
Poison Magic   | 1 2 3 4 5 |  5.3
Fighting       | 5 6 7 8 |  8.0
Dodging        | 5 6 7 8 |  8.0
Axes           | 7 8 9 |  9.3
Conjurations   | 6 7 |  7.7

Action                     |  1- 3 |  4- 6 |  7- 9 | 10-12 || total
---------------------------+-------+-------+-------+-------++-------
  Melee: Hand axe          |   118 |   233 |   210 |       ||   561
         Bite              |     6 |    27 |    43 |    37 ||   113
         Punch             |       |     3 |     9 |     6 ||    18
         War axe           |       |       |   136 |   102 ||   238
         Battleaxe         |       |       |       |   168 ||   168
   Cast: Kiss of Death     |     1 |       |       |       ||     1
    Use: Scroll            |     2 |     9 |     7 |     4 ||    22
         Potion            |       |       |     2 |     2 ||     4
   Stab: Sleeping          |       |     3 |     8 |       ||    11
 Armour: Leather armour    |    34 |    27 |    22 |       ||    83
         Plate armour      |       |       |   147 |   304 ||   451
  Dodge: Dodged            |    73 |   107 |   194 |   183 ||   557

Illustrated notes

Table legend:
 A = Kills in this place as a percentage of kills in the entire game.
 B = Kills by you in this place as a percentage of kills by you in the entire game.
 C = Kills by friends in this place as a percentage of kills by friends in the entire game.
 D = Other kills in this place as a percentage of other kills in the entire game.
 E = Experience gained in this place as a percentage of experience gained in the entire game.
 F = Experience gained in this place divided by the number of levels of this place that you have seen.
                   A       B       C       D       E      F
               +-------+-------+-------+-------+-------+----------------------
         Total | 100.0 | 100.0 |   N/A |   N/A | 100.0 | 1040.6
       Dungeon |  90.1 |  90.1 |   N/A |   N/A |  98.0 | 1223.3
       Ossuary |   9.9 |   9.9 |   N/A |   N/A |   2.0 | 254.0
               +-------+-------+-------+-------+-------+----------------------

Table legend: (Time is in decaauts)
 A = Elapsed time spent in this place.
 B = Non-inter-level travel time spent in this place.
 C = Inter-level travel time spent in this place.
 D = Time resting spent in this place.
 E = Time spent auto-exploring this place.
 F = Levels seen in this place.
 G = Mean time per level.
                   A        B        C        D        E       F      G
               +--------+--------+--------+--------+--------+-----+--------+
         Total |  13008 |  12628 |    380 |    434 |   9839 |  12 | 1084.0 |
       Dungeon |  12069 |  11701 |    368 |    334 |   9247 |  10 | 1206.9 |
        Temple |     49 |     37 |     12 |      0 |      0 |   1 |   49.0 |
       Ossuary |    889 |    889 |      0 |    100 |    592 |   1 |  889.0 |
               +--------+--------+--------+--------+--------+-----+--------+

Top non-repeatable levels by time:
     D:6: 1897 daAuts
     D:8: 1746 daAuts
     D:7: 1736 daAuts
     D:4: 1702 daAuts
     D:3: 1073 daAuts
     D:5: 988 daAuts
     D:9: 942 daAuts
     D:2: 901 daAuts
 Ossuary: 889 daAuts
     D:1: 700 daAuts
    D:10: 382 daAuts
  Temple: 49 daAuts
